 Dungeon Crawl Stone Soup version 0.20.1-1-g8b1a95d (webtiles) character file.

561 Harlock the Cudgeler (level 7, -3/48 HPs)
             Began as a Gargoyle Chaos Knight on Aug 29, 2017.
             Killed by divine providence
             ... invoked by an orc priest
              (11 damage)
             ... on level 4 of the Dungeon.
             The game lasted 00:15:58 (3507 turns).

Harlock the Cudgeler (Gargoyle Chaos Knight)        Turns: 3507, Time: 00:15:59

Health: -3/48      AC: 13    Str: 18    XL:     7   Next: 31%
Magic:  7/7        EV: 10    Int: 12    God:    Xom [....*.]
Gold:   82         SH:  0    Dex:  9    Spells: 6/6 levels left

rFire    + . .     SeeInvis .   g - +2 hand axe (flame)
rCold    . . .     Gourm    +   (no shield)
rNeg     + . .     Faith    .   i - +1 scale mail {rF+}
rPois    ∞         Spirit   .   (no helmet)
rElec    +         Reflect  .   (no cloak)
rCorr    .         Harm     .   n - +0 pair of gloves
MR       .....                  (no boots)
Stlth    ..........             l - amulet of the gourmand
Regen    0.2/turn               (no ring)
MPRegen  0.1/turn               (no ring)

@: no status effects
A: hooves 1, negative energy resistance 1, robust 1, electricity resistance,
unbreathing, petrification resistance, rot immunity, AC +4
a: Renounce Religion


You were on level 4 of the Dungeon.
You worshipped Xom.
You were a beloved toy of Xom.
You were very full.

You visited 1 branch of the dungeon, and saw 4 of its levels.

You collected 82 gold pieces.

Inventory:

Hand Weapons
 a - a +0 mace of chaos
 g - a +2 hand axe of flaming (weapon)
Armour
 b - a +2 leather armour
 i - a +1 scale mail of fire resistance (worn)
 n - a +0 pair of gloves (worn)
Jewellery
 l - an amulet of the gourmand (around neck)
Wands
 h - a wand of polymorph (10/24)
Scrolls
 e - 4 scrolls of remove curse
 f - a scroll of identify
 o - a scroll of teleportation {unknown}
 p - a scroll of amnesia {unknown}
 s - a scroll of immolation {unknown}
Potions
 d - a potion of mutation
 j - 2 potions of curing
 k - a potion of invisibility
 m - a potion of lignification
 q - a potion of degeneration
Comestibles
 c - a bread ration
 r - a royal jelly


   Skills:
 + Level 5.0 Fighting
 * Level 1.0(3.5) Axes
 - Level 5.9(6.0) Maces & Flails
 + Level 3.4 Armour
 + Level 2.4 Dodging
 - Level 0.5 Stealth


You had 6 spell levels left.
You didn't know any spells.

Dungeon Overview and Level Annotations

Branches:
Dungeon (4/15)
 Temple: D:4-7

Altars:
Trog
Yredelemnul


Innate Abilities, Weirdness & Mutations

You are resistant to torment.
Your stone body is resilient. (AC +4)
You are immune to poison.
You resist negative energy. (rN+)
You are resistant to electric shocks. (rElec)
You can survive without breathing.
You are immune to petrification.
You are immune to rotting.
You have large cloven feet.
You are robust. (+10% HP)


Message History

You hit the adder. You burn the adder.
The adder is almost dead.
The adder closely misses you. The adder bites you but does no damage.
The orc priest invokes the aid of Beogh against you.
Beogh smites you!
You are too injured to fight recklessly!
You are too injured to fight recklessly!
You are too injured to fight recklessly!
You are too injured to fight recklessly!
You are too injured to fight recklessly!
You miss the adder.
The adder is almost dead.
The orc priest mumbles some strange prayers to Beogh against you.
Beogh smites you!
* * * LOW HITPOINT WARNING * * *
The adder bites you but does no damage.
The orc priest calls down the wrath of Beogh upon you.
Beogh smites you!
You die...
Xom cackles wildly!

. .. ..h ..h .#
oZ .. #o### #..
#oS@## #.#
###bb### #.#
##...# #.#
###.##### #.#
#.....#######.#
#####..........
#..........(.
.....###.......(
##### #........


You could see 2 orc priests, an adder, an orc, 2 jackals and a howler monkey
skeleton.

Vanquished Creatures
  Sigmund (D:3)
  The ghost of FallenPrincess the Skirmisher, an amateur DsFi of Trog (D:3)
  A bullfrog (D:4)
  Jessica (D:3)
  Natasha (thrice) (D:3)
  A hound skeleton (D:4)
  4 adders
  An adder skeleton (D:4)
  4 worms
  4 dart slugs
  2 leopard geckos
  7 orcs
  A ball python (D:2)
  2 bats (D:2)
  A giant cockroach (D:3)
  7 goblins
  8 hobgoblins
  5 jackals
  12 kobolds
  9 frilled lizards
  9 rats
  2 plants (D:2)
86 creatures vanquished.

Vanquished Creatures (others)
  2 fire vortices (D:2)
2 creatures vanquished.

Grand Total: 88 creatures vanquished

Notes
Turn   | Place    | Note
-------+----------+-------------------------------------------
     0 | D:1      | Harlock the Gargoyle Chaos Knight began the quest for the Orb.
     0 | D:1      | Reached XP level 1. HP: 14/14 MP: 1/1
   200 | D:1      | Reached XP level 2. HP: 16/19 MP: 2/2
   341 | D:1      | XOM: harmless Fire miscast
   570 | D:2      | XOM: divination: detect items
   710 | D:2      | Reached XP level 3. HP: 24/24 MP: 3/3
  1159 | D:2      | Reached skill level 1 in Dodging
  1172 | D:2      | XOM: noise
  1179 | D:2      | XOM: harmless Pois miscast
  1181 | D:2      | Reached XP level 4. HP: 17/29 MP: 4/4
  2057 | D:3      | XOM: smoke on damage
  2251 | D:3      | Noticed a moth of wrath
  2253 | D:3      | Noticed Sigmund
  2255 | D:3      | Found a bloodstained altar of Trog.
  2264 | D:3      | Gained mutation: You have large cloven feet. [potion of mutation]
  2264 | D:3      | Gained mutation: You are robust. (+10% HP) [potion of mutation]
  2264 | D:3      | XOM: fog
  2268 | D:3      | XOM: summons friendly ufetubus
  2278 | D:3      | XOM: cleaving
  2285 | D:3      | Killed Sigmund
  2285 | D:3      | Reached skill level 5 in Maces & Flails
  2285 | D:3      | Reached XP level 5. HP: 22/37 MP: 5/5
  2285 | D:3      | Reached XP level 6. HP: 25/42 MP: 6/6
  2417 | D:3      | Found a basalt altar of Yredelemnul.
  2456 | D:3      | Noticed Natasha
  2462 | D:3      | Killed Natasha
  2465 | D:3      | Noticed Jessica
  2468 | D:3      | Noticed Natasha
  2469 | D:3      | Killed Jessica
  2481 | D:3      | Killed Natasha
  2543 | D:3      | Noticed FallenPrincess's ghost (amateur DsFi)
  2562 | D:3      | Killed FallenPrincess's ghost
  2568 | D:3      | XOM: polymorph orc -> gnoll
  2574 | D:3      | XOM: polymorph gnoll -> frilled lizard
  2770 | D:3      | XOM: 1-stop teleportation journey
  2827 | D:3      | Noticed Natasha
  2837 | D:3      | Killed Natasha
  2837 | D:3      | Reached XP level 7. HP: 10/48 MP: 7/7
  3421 | D:4      | Reached skill level 5 in Fighting
  3422 | D:4      | Reached skill level 1 in Axes
  3505 | D:4      | XOM: butterfly on damage
  3507 | D:4      | Killed from afar by an orc priest

Skill      XL: |  1  2  3  4  5  6  7 |
---------------+----------------------+-----
Dodging        | 1 2 |  2.4
Maces & Flails | 4 5 |  5.9
Fighting       | 4 5 |  5.0
Armour         | 3 |  3.4
Axes           | 1 |  1.0
Stealth        | |  0.5

Action                   |  1- 3 |  4- 6 |  7- 9 || total
-------------------------+-------+-------+-------++-------
Melee: Mace              |   115 |   191 |     4 ||   310
       Kick              |       |    26 |    10 ||    36
       Hand axe          |       |       |    37 ||    37
  Use: Potion            |       |     3 |       ||     3
       Scroll            |       |       |     5 ||     5
  Eat: Chunk             |       |     2 |     7 ||     9
       Bread ration      |       |     1 |     1 ||     2
Armor: Leather armour    |    53 |    46 |       ||    99
       Scale mail        |       |       |    22 ||    22
Dodge: Dodged            |    70 |    71 |    28 ||   169
